 Dungeon Crawl Stone Soup version 0.19-a0-1168-g98094fc (webtiles) character file.

166976 HaroldButt the Earth Mage (level 17, 0/102 HPs)
             Began as a Gargoyle Earth Elementalist on Aug 13, 2016.
             Was the Champion of Vehumet.
             Slain by an enormous slime creature (53 damage)
             ... on level 4 of the Swamp on Aug 15, 2016.
             The game lasted 04:18:49 (44736 turns).

HaroldButt the Earth Mage (GrEE)                   Turns: 44736, Time: 04:18:50

Health: 0/102      AC: 29    Str: 13    XL:     17   Next: 91%
Magic:  17/35      EV: 17    Int: 24    God:    Vehumet [******]
Gold:   144        SH:  5    Dex: 10    Spells: 9 memorised, 2 levels left

rFire  + . .     SeeInvis +     a - staff of energy
rCold  + . .     Gourm    .     j - +2 robe {rC+ rF+}
rNeg   + + +     Faith    .     V - +0 buckler
rPois  ∞         Spirit   .     H - +2 hat {SInv}
rElec  +         Dismiss  .     q - +2 cloak {MR+}
rCorr  .         Reflect  .     h - +2 pair of gloves
MR     +++++     Harm     .     L - +2 pair of boots {Stlth+}
Stlth  ++........ Clarity  +    u - amulet of the Four Winds {rN+ MR+++ Clar}
                                B - ring of wizardry
                                r - ring "Weppug" {+Inv rN+ MR+}

@: flying
A: big wings, clever 1, negative energy resistance 1, electricity resistance,
unbreathing, petrification resistance, rot immunity, AC +12
a: Stop Flying, Renounce Religion, Evoke Invisibility


You were on level 4 of the Swamp.
You worshipped Vehumet.
Vehumet was exalted by your worship.
You were hungry.

You visited 5 branches of the dungeon, and saw 28 of its levels.
You also visited: Labyrinth and Volcano.

You collected 2929 gold pieces.
You spent 2785 gold pieces at shops.


Innate Abilities, Weirdness & Mutations

You are resistant to torment.
Your stone body is resilient. (AC +12)
You are immune to poison.
Your large and strong wings let you fly indefinitely.
You resist negative energy. (rN+)
You are resistant to electric shocks. (rElec)
You can survive without breathing.
You are immune to petrification.
You are immune to rotting.
Your mind is acute. (Int +2)


   Skills:
 - Level 10.0 Fighting
 - Level 8.0 Armour
 + Level 11.1 Dodging
 - Level 2.1 Stealth
 - Level 5.0 Shields
 - Level 14.0 Spellcasting
 - Level 16.0 Conjurations
 - Level 0.7 Transmutations
 - Level 18.0 Earth Magic


You had 2 spell levels left.
You knew the following spells:

 Your Spells              Type           Power        Failure   Level  Hunger
c - Petrify               Tmut/Erth      ######..     1%          4    None
u - Lehudib's Crystal Sp  Conj/Erth      #######...   2%          8    None
v - Force Lance           Conj/Tloc      ######..     1%          4    None
x - Stone Arrow           Conj/Erth      ######       0%          3    None
y - Iron Shot             Conj/Erth      #######...   1%          6    None
z - Sandblast             Erth           ######       0%          1    None
N - Passwall              Tmut/Erth      ######....   1%          2    None
V - Shatter               Erth           #######...   32%         9    None
X - Lee's Rapid Deconstr  Erth           #######...   1%          5    None

Inventory:

Hand Weapons
 b - the +8 mithril axe "Arga" {speed, MR+} Attacks with this weapon are significantly faster. It affects your resistance to hostile enchantments.
Missiles
 k - 109 stones (quivered)
Armour
 h - a +2 pair of gloves (worn)
 j - a +2 robe of resistance (worn)
 q - a +2 cloak of magic resistance (worn)
 H - a +2 hat of see invisible (worn)
 J - the +4 large shield of Courage {rElec rC++ rCorr Str-3}

   It affects your strength (-3).
   It greatly protects you from cold.
   It insulates you from electricity.
   It protects you from acid and corrosion.
 L - a +2 pair of boots of stealth (worn)
 V - a +0 buckler (worn)
Magical Staves
 a - an uncursed staff of energy (weapon)
 X - an uncursed staff of power
Jewellery
 g - an uncursed amulet of magic regeneration
 r - the ring "Weppug" (left hand) {+Inv rN+ MR+}

   [ring of protection from magic]

   It protects you from negative energy.
   It affects your resistance to hostile enchantments.
   It lets you turn invisible.
 u - the amulet of the Four Winds (around neck) {rN+ MR+++ Clar}

   [amulet of nothing]

   It protects you from negative energy.
   It affects your resistance to hostile enchantments.
   It protects you against confusion.
 B - a ring of wizardry (right hand)
 K - an uncursed ring of protection from fire
 W - an uncursed ring of protection from cold
Wands
 c - a wand of digging (15/24)
 M - a wand of iceblast (3/15)
 P - a wand of disintegration (10/24)
Scrolls
 f - 3 scrolls of teleportation {@r4}
 n - 5 scrolls of amnesia
 p - 3 scrolls of silence {!r}
 w - 6 scrolls of fog
 y - 3 scrolls of recharging
 z - 7 scrolls of identify {@r1}
 A - 2 scrolls of magic mapping
 D - 2 scrolls of blinking
 G - 12 scrolls of remove curse
 N - 4 scrolls of immolation {!r}
 O - 2 scrolls of enchant armour
 T - 3 scrolls of enchant weapon
 Z - 3 scrolls of fear
Potions
 m - 4 potions of magic
 o - 5 potions of brilliance
 s - 5 potions of heal wounds {@q2}
 t - 13 potions of curing {@q1}
 v - 2 potions of cure mutation
 C - 5 potions of resistance
 F - 7 potions of might
 I - 2 potions of haste {@q3}
 Q - 2 potions of agility
 R - a potion of cancellation
 S - 3 potions of ambrosia
 U - 4 potions of invisibility
Books
 e - a book of Geomancy

   Spells                             Type                      Level
   a - Sandblast                      Earth                        1
   b - Passwall                       Transmutation/Earth          2
   c - Stone Arrow                    Conjuration/Earth            3
   d - Petrify                        Transmutation/Earth          4
   e - Lee's Rapid Deconstruction     Earth                        5
 i - a book of Power

   Spells                             Type                      Level
   a - Fulminant Prism                Conjuration/Hexes            4
   b - Iskenderun's Mystic Blast      Conjuration                  4
   c - Venom Bolt                     Conjuration/Poison           5
   d - Bolt of Magma                  Conjuration/Fire/Earth       5
   e - Iron Shot                      Conjuration/Earth            6
   f - Orb of Destruction             Conjuration                  7
   g - Spellforged Servitor           Conjuration/Summoning        7
 l - a book of the Sky

   Spells                             Type                      Level
   a - Summon Lightning Spire         Summoning/Air                4
   b - Airstrike                      Air                          4
   c - Silence                        Hexes/Air                    5
   d - Deflect Missiles               Charms/Air                   6
   e - Conjure Ball Lightning         Conjuration/Air              6
   f - Tornado                        Air                          9
 x - a book of Annihilations

   Spells                             Type                      Level
   a - Poison Arrow                   Conjuration/Poison           6
   b - Chain Lightning                Conjuration/Air              8
   c - Lehudib's Crystal Spear        Conjuration/Earth            8
   d - Glaciate                       Conjuration/Ice              9
   e - Fire Storm                     Conjuration/Fire             9
 Y - a book of the Warp

   Spells                             Type                      Level
   a - Recall                         Summoning/Translocation      3
   b - Gell's Gravitas                Hexes/Translocation          3
   c - Force Lance                    Conjuration/Translocation    4
   d - Warp Weapon                    Charms/Translocation         5
   e - Summon Forest                  Summoning/Translocation      5
Comestibles
 d - 16 bread rations
 E - 6 meat rations

Dungeon Overview and Level Annotations

Branches:
Dungeon (15/15)            Temple (1/1) D:5            Lair (6/6) D:9
  Swamp (4/4) Lair:3       Spider (0/4) Lair:4        Slime (0/5) Lair:6
    Orc (2/2) D:11            Elf (0/3) Orc:2        Vaults (0/5) D:14
 Depths (0/5) D:15

Altars:
Dithmenos
Gozag
Kikubaaqudgha
Nemelex Xobeh
Okawaru
Qazlal
Trog
Vehumet
Xom
Yredelemnul
The Shining One
Beogh
Jiyva

Shops:
D:5 *   D:7 [   D:12 * Orc:2

[*=(( ≈≈≈≈≈▒♣.≈≈♣♣.....≈≈.≈≈≈≈≈.♣
▒♣.▒≈▒.▒≈≈≈.♣♣.≈♣.#≈≈≈≈≈≈≈≈.♣
▒▒♣.▒≈▒≈.▒...#♣♣♣♣...≈≈≈≈≈....♣
#▒▒.≈≈≈≈≈≈≈▒.≈≈♣♣♣♣...≈.≈≈≈≈...[♣
≈▒≈≈≈≈≈≈≈≈≈▒.≈......≈≈.≈≈≈≈≈..<..
≈.♣≈≈.≈.≈≈≈▒♣...≈≈≈≈≈≈≈≈≈#≈≈≈..≈.
▒≈≈≈≈.▒.▒≈▒#..♣≈≈≈.....≈.≈≈≈....
#.♣≈≈÷▒.▒≈▒▒♣..♣.≈≈≈≈≈.≈≈.≈≈≈..≈≈
≈▒≈≈≈≈.▒≈▒≈♣.≈WJ8≈≈#≈≈#≈≈≈≈≈≈≈.≈≈
≈≈▒.≈≈▒≈▒≈▒≈..÷♣J.†≈.≈≈≈≈≈≈≈≈.≈♣♣
..)≈..≈▒≈▒≈≈#.≈♣♣♣..<≈≈≈≈≈≈≈≈(♣♣
♣♣▒▒♣♣▒▒.≈....♣♣ ♣♣#.≈≈≈≈≈≈≈≈. .
▒▒≈≈▒▒♣≈..≈..♣≈♣ ♣♣≈≈≈≈≈≈≈..♣ ≈
≈≈≈≈≈≈.......≈≈≈♣♣♣♣#.≈≈≈≈.. .
≈≈≈≈≈≈.♣.≈≈..♣.♣♣..≈≈.≈≈≈≈≈. .
≈≈≈≈≈≈.♣♣.≈.♣♣♣♣≈≈≈≈.≈≈.#≈≈♣
≈≈≈≈≈..♣.≈.♣♣♣≈≈≈≈≈≈.≈..≈≈≈≈


You could see an enormous slime creature, a slime creature and a shadow
(invisible).


Message History

The slime creature closely misses you. The slime creature misses you.
Two slime creatures merge to form a large slime creature.
A slime creature suddenly becomes a very large slime creature.
a - an uncursed staff of energy (weapon)
You see here a swamp dragon skeleton.
Cast which spell? (? or * to list)
Aiming: Iron Shot
Press: ? - help, Shift-Dir - straight line, f - very large slime creature
Aim: a very large slime creature (heavily wounded)
The iron shot hits the very large slime creature.
The very large slime creature is severely wounded.
A very large slime creature splits.
Cast which spell? (? or * to list)
Aiming: Iron Shot
Press: ? - help, Shift-Dir - straight line, f/p - large slime creature
Aim: a large slime creature (severely wounded)
The iron shot hits the large slime creature.
The large slime creature is almost dead.
Two slime creatures merge to form an enormous slime creature.
The slime creature hits you but does no damage.
Cast which spell? (? or * to list)
Aiming: Iron Shot
Press: ? - help, Shift-Dir - straight line, f/p - enormous slime creature
Aim: an enormous slime creature (almost dead)
The iron shot hits the enormous slime creature.
The enormous slime creature is almost dead.
The enormous slime creature hits you!!!
Ouch! That really hurt!
You die...

Action                   |  1- 3 |  4- 6 |  7- 9 | 10-12 | 13-15 | 16-18 || total
-------------------------+-------+-------+-------+-------+-------+-------++-------
Melee: Unarmed           |     1 |     2 |       |       |       |       ||     3
       Quarterstaff      |       |    39 |    59 |       |       |       ||    98
       Whip              |       |       |     4 |       |       |       ||     4
       Staff             |       |       |    26 |    78 |     2 |     3 ||   109
       Demon blade       |       |       |       |       |    29 |       ||    29
       Broad axe         |       |       |       |       |       |   107 ||   107
 Cast: Sandblast         |    78 |    93 |    98 |   220 |   276 |   149 ||   914
       Stone Arrow       |       |       |    46 |   249 |   309 |   164 ||   768
       Lee's Rapid Decon |       |       |       |     3 |    12 |     5 ||    20
       Force Lance       |       |       |       |     4 |       |     5 ||     9
       Iron Shot         |       |       |       |       |   326 |   382 ||   708
       Petrify           |       |       |       |       |     3 |       ||     3
 Abil: Fly               |       |     1 |       |       |       |       ||     1
Evoke: Wand              |       |       |       |     1 |       |       ||     1
       Staff of energy   |       |       |       |       |    50 |       ||    50
  Use: Scroll            |       |    13 |    10 |    13 |     9 |     4 ||    49
       Potion            |       |     2 |       |     1 |     3 |       ||     6
 Stab: Sleeping          |       |     3 |       |       |       |       ||     3
       Paralysed         |       |       |     2 |       |       |       ||     2
       Confused          |       |       |     1 |       |       |       ||     1
  Eat: Chunk             |     4 |     9 |    14 |    14 |    42 |     9 ||    92
       Bread ration      |       |       |       |     1 |     1 |     2 ||     4
       Beef jerky        |       |       |       |     3 |     2 |     1 ||     6
       Royal jelly       |       |       |       |       |     1 |     3 ||     4
       Pizza             |       |       |       |       |     1 |     2 ||     3
       Fruit             |       |       |       |       |       |     6 ||     6
       Meat ration       |       |       |       |       |       |     2 ||     2
Armor: Robe              |    29 |    46 |    76 |   127 |   240 |   255 ||   773
Dodge: Dodged            |    41 |    63 |   115 |   154 |   303 |   319 ||   995
Block: Large shield      |       |       |       |    12 |       |       ||    12
       Buckler           |       |       |       |       |       |    46 ||    46

Vault maps used:
D:1:      saegor_arrival_simple_f, minmay_misc_feat_plants, patterned_corridor
D:2:      ecumenical_altar_1, uniq_sigmund, uniq_crazy_yiuf_cottage
D:4:      first_bread, serial_corexii_hall, corexii_hall_statues_x,
          corexii_hall_statues_i, uniq_natasha, uniq_pikel, uniq_duvessa
D:5:      serial_shops, nicolae_shop_crystal, minmay_misc_feat_encased,
          uniq_grinder
D:6:      kiku_gazebo_pond_becter, serial_co_window_serial, co_window_corner_a,
          co_window_corner_a, co_window_paths_b, co_window_corner_a,
          co_window_paths_b, co_window_corner_a, co_window_unsneaky_path_a,
          co_window_of_opportunity_c, co_window_corner_b,
          co_window_of_opportunity_b, co_window_of_opportunity_c,
          co_window_corner_cb, co_window_2corner, glass_columns_a,
          glass_columns_a, glass_columns_b
D:7:      serial_shops, nicolae_shop_statue_plus, minmay_unpleasant_kobolds,
          uniq_joseph
D:8:      uniq_prince_ribbit1
D:9:      grunt_lair_entry_orc_guard_hut, enter_bailey_7
D:10:     the_bakery
D:11:     kennysheep_orc_monster_closet_entryway, uniq_fannar, uniq_psyche
D:12:     serial_shops, shop_fountains, grunt_tough_drop
D:13:     regret_index_combs_of_tragedy, hangedman_corner_corridor
D:14:     grunt_vaults_entry_fortified, basic_altar,
          grunt_dithmenos_smoke_and_mirrors
D:15:     gammafunk_enter_depths_forms, uniq_agnes
Temple:   regret_index_temple_sigil_plot
Lair:1:   nicolae_quartered_pool_medium, lemuel_oklob_altar
Lair:2:   grunt_megastairs_3
Lair:3:   swamp_mist, nicolae_volcano_entry_two_sided, lab_entry_generic,
          grunt_megastairs_2, uniq_snorg, uniq_nergalle
Lair:4:   spider_nest_entry_rubble
Lair:5:   serial_bayou, serial_bayou_shore_b, serial_bayou_ford_a,
          serial_bayou_pond_d, serial_bayou_pond_c, infiniplex_staircase_pool_2
Lair:6:   minmay_lair_end_enchanted_forest, slime_altar_1, grunt_megastairs_4,
          serial_bayou_shore_a
Swamp:1:  infiniplex_staircase_pool, swamp_pool5, hangedman_swamp_wriggling
Swamp:2:  nicolae_swamp_dense_foliage, uniq_jorgrun
Swamp:3:  evilmike_swamp_ruin_house_4
Swamp:4:  swamp_vile, swamp_pool3, nicolae_swamp_very_dense_foliage, uniq_kirke
Orc:2:    grunt_orc_cross, serial_shops, shop
Lab:      nicolae_lab_starburst, nicolae_lab_do_over, nicolae_lab_dead_end
Volcano:  volcano_village

Notes
Turn   | Place    | Note
-------+----------+-------------------------------------------
     0 | D:1      | HaroldButt the Gargoyle Earth Elementalist began the quest for the Orb.
     0 | D:1      | Reached XP level 1. HP: 10/10 MP: 3/3
    17 | D:1      | Reached skill level 4 in Earth Magic
   135 | D:1      | Reached XP level 2. HP: 15/15 MP: 3/5
   660 | D:1      | Reached skill level 5 in Earth Magic
   660 | D:1      | Reached XP level 3. HP: 19/19 MP: 0/6
   672 | D:1      | Learned a level 2 spell: Passwall
   676 | D:1      | Learned a level 3 spell: Stone Arrow
  1744 | D:2      | Found a faded altar of an unknown god.
  1760 | D:2      | Reached XP level 4. HP: 24/24 MP: 4/7
  1963 | D:2      | Noticed Sigmund
  2149 | D:2      | Reached skill level 6 in Earth Magic
  2413 | D:2      | Gained mutation: Armour fits poorly on your strangely shaped body. [potion of mutation]
  2413 | D:2      | Lost mutation: Armour fits poorly on your strangely shaped body. [potion of mutation]
  2413 | D:2      | Gained mutation: Your large and strong wings let you fly indefinitely. [potion of mutation]
  2513 | D:2      | Killed Sigmund
  2513 | D:2      | Reached skill level 8 in Earth Magic
  2513 | D:2      | Reached XP level 5. HP: 25/28 MP: 4/8
  2513 | D:2      | Reached XP level 6. HP: 28/32 MP: 4/9
  2797 | D:2      | Found a runed door.
  2870 | D:2      | Noticed Crazy Yiuf
  2874 | D:2      | Killed Crazy Yiuf
  3178 | D:3      | Identified a +0 robe of resistance (You took it off Sigmund on level 2 of the Dungeon)
  4064 | D:4      | Noticed a phantom
  4133 | D:4      | Killed a phantom
  4133 | D:4      | Reached skill level 9 in Earth Magic
  4133 | D:4      | Reached XP level 7. HP: 36/36 MP: 6/10
  4179 | D:4      | Noticed Pikel
  4189 | D:4      | Killed Pikel
  4189 | D:4      | Reached skill level 11 in Earth Magic
  4189 | D:4      | Reached XP level 8. HP: 37/41 MP: 2/11
  4314 | D:4      | Reached skill level 2 in Conjurations
  4322 | D:4      | Learned a level 5 spell: Lee's Rapid Deconstruction
  4433 | D:4      | Noticed Duvessa
  4440 | D:4      | Killed Duvessa
  4440 | D:4      | Reached skill level 3 in Conjurations
  4441 | D:4      | Noticed Dowan
  4443 | D:4      | Killed Dowan
  4443 | D:4      | Reached skill level 4 in Conjurations
  4801 | D:4      | Noticed Natasha
  4806 | D:4      | Killed Natasha
  4812 | D:4      | Reached skill level 5 in Conjurations
  4897 | D:4      | Noticed Natasha
  4902 | D:4      | Killed Natasha
  4941 | D:4      | Noticed Natasha
  4945 | D:4      | Killed Natasha
  4955 | D:5      | Entered Level 5 of the Dungeon
  5077 | D:4      | Reached skill level 6 in Conjurations
  5103 | D:5      | Found a staircase to the Ecumenical Temple.
  5116 | Temple   | Entered the Ecumenical Temple
  5137 | Temple   | Became a worshipper of Vehumet
  5175 | D:5      | Found Duxi's Assorted Antiques.
  5214 | D:5      | Bought 3 scrolls labeled CEERPH MEOMO for 66 gold pieces
  5214 | D:5      | Bought a scroll of identify for 44 gold pieces
  5214 | D:5      | Bought a blackened fluorescent wand for 88 gold pieces
  5332 | D:5      | Reached skill level 7 in Conjurations
  5357 | D:5      | Reached XP level 9. HP: 45/45 MP: 4/12
  5751 | D:5      | Reached skill level 8 in Conjurations
  5863 | D:5      | Noticed Grinder
  5872 | D:5      | Killed Grinder
  5872 | D:5      | Reached skill level 3 in Spellcasting
  5991 | D:5      | Identified a potion of resistance
  6229 | D:6      | Reached skill level 4 in Spellcasting
  6664 | D:6      | Reached * piety under Vehumet
  6664 | D:6      | Offered knowledge of Sting by Vehumet.
  6670 | D:6      | Learned a level 4 spell: Petrify
  6902 | D:6      | Found an ancient bone altar of Kikubaaqudgha.
  6930 | D:6      | Reached skill level 5 in Spellcasting
  7310 | D:7      | Reached skill level 6 in Spellcasting
  7375 | D:7      | Found Jinnos's Antique Armour Boutique.
  7392 | D:7      | Noticed Joseph
  7402 | D:7      | Killed Joseph
  7402 | D:7      | Reached XP level 10. HP: 50/50 MP: 0/20
  7480 | D:7      | Reached skill level 7 in Spellcasting
  8128 | D:7      | Reached skill level 8 in Spellcasting
  8247 | D:7      | Offered knowledge of Throw Frost by Vehumet.
  8343 | D:7      | Reached ** piety under Vehumet
  8577 | D:8      | Noticed Torax's ghost (novice FeWr)
  8861 | D:8      | Reached skill level 9 in Spellcasting
  9042 | D:8      | Killed Torax's ghost
  9411 | D:8      | Noticed Prince Ribbit
  9417 | D:8      | Killed Prince Ribbit
  9417 | D:8      | Reached skill level 10 in Spellcasting
  9599 | D:8      | Offered knowledge of Throw Flame by Vehumet.
  9917 | D:9      | Reached *** piety under Vehumet
 10050 | D:9      | Reached skill level 12 in Earth Magic
 10050 | D:9      | Reached XP level 11. HP: 42/54 MP: 10/25
 10128 | D:9      | Offered knowledge of Force Lance by Vehumet.
 10361 | D:9      | Reached **** piety under Vehumet
 10614 | D:9      | Found a staircase to the Lair.
 10703 | Lair:1   | Entered Level 1 of the Lair of Beasts
 10750 | Lair:1   | Noticed a seven-headed hydra
 10756 | Lair:1   | Killed a seven-headed hydra
 10756 | Lair:1   | Reached skill level 13 in Earth Magic
 10820 | Lair:1   | Gained mutation: Your mind is acute. (Int +2) [potion of beneficial mutation]
 10935 | Lair:1   | Noticed an oklob plant
 10936 | Lair:1   | Found an opulent altar of Gozag.
 10944 | Lair:1   | Killed an oklob plant
 11435 | Lair:1   | Reached skill level 14 in Earth Magic
 11717 | Lair:2   | Learned a level 4 spell: Force Lance
 11754 | Lair:2   | Got a pair of crude boots
 11769 | Lair:2   | Identified the +1 pair of boots "Fuditaze" {*Confuse Str+3 Int+3} (You found it on level 2 of the Lair of Beasts)
 11900 | Lair:2   | Reached skill level 9 in Conjurations
 11989 | Lair:2   | Offered knowledge of Yara's Violent Unravelling by Vehumet.
 12152 | Lair:2   | Noticed a four-headed hydra
 12155 | Lair:2   | Killed a four-headed hydra
 12155 | Lair:2   | Reached skill level 10 in Conjurations
 12372 | Lair:3   | Noticed a five-headed hydra
 12381 | Lair:3   | Killed a five-headed hydra
 12381 | Lair:3   | Reached skill level 11 in Conjurations
 12381 | Lair:3   | Reached XP level 12. HP: 51/59 MP: 12/26
 12415 | Lair:3   | Noticed Nergalle
 12421 | Lair:3   | Killed Nergalle
 12611 | Lair:3   | Found a labyrinth entrance.
 12614 | Lair:3   | Noticed Snorg
 12621 | Lair:3   | Killed Snorg
 12621 | Lair:3   | Reached skill level 12 in Conjurations
 12628 | Lab      | Entered a labyrinth
 12770 | Lab      | Reached skill level 1 in Fighting
 12778 | Lab      | Reached skill level 2 in Fighting
 12940 | Lab      | Noticed a minotaur
 12954 | Lab      | Killed a minotaur
 12954 | Lab      | Reached skill level 3 in Fighting
 12980 | Lab      | Got a warped great mace
 12980 | Lab      | Got a twisted large shield
 12987 | Lair:3   | Found a dark tunnel.
 12997 | Volcano  | Entered a volcano
 13021 | Volcano  | Reached skill level 4 in Fighting
 13060 | Volcano  | Reached skill level 5 in Fighting
 13296 | Lair:3   | Identified the +4 large shield of Courage {rElec rC++ rCorr Str-3} (You found it in a labyrinth)
 13313 | Lair:3   | Identified the +5 great mace "Zamoez" {elec, rC+ MR+} (You found it in a labyrinth)
 13341 | Lair:3   | Reached ***** piety under Vehumet
 13343 | Lair:3   | Offered knowledge of Airstrike by Vehumet.
 13643 | Lair:3   | Found a staircase to the Swamp.
 13674 | Lair:3   | Reached skill level 6 in Fighting
 13770 | Lair:3   | Reached skill level 7 in Fighting
 14279 | Lair:4   | Upgraded the game from 0.19-a0-1155-gb6eeeff to 0.19-a0-1166-g02d67b9
 14304 | Lair:4   | Noticed a death yak
 14304 | Lair:4   | Noticed a death yak
 14305 | Lair:4   | Noticed a death yak
 14317 | Lair:4   | Reached skill level 8 in Fighting
 14391 | Lair:3   | Killed a death yak
 14567 | Lair:3   | Killed a death yak
 14567 | Lair:3   | Reached skill level 9 in Fighting
 14600 | Lair:3   | Killed a death yak
 14600 | Lair:3   | Reached XP level 13. HP: 76/81 MP: 1/27
 14931 | Lair:4   | Reached skill level 10 in Fighting
 15029 | Lair:4   | Reached skill level 2 in Dodging
 15043 | Lair:4   | Learned a level 6 spell: Iron Shot
 15234 | Lair:4   | Found a hole to the Spider Nest.
 15456 | Lair:4   | Reached skill level 3 in Dodging
 15866 | Lair:5   | Reached skill level 4 in Dodging
 16209 | Lair:5   | Reached skill level 5 in Dodging
 16638 | Lair:5   | Offered knowledge of Lightning Bolt by Vehumet.
 16846 | Lair:5   | Reached skill level 6 in Dodging
 16996 | Lair:6   | Entered Level 6 of the Lair of Beasts
 17344 | Lair:6   | Reached skill level 7 in Dodging
 17565 | Lair:6   | Found a staircase to the Slime Pits.
 17565 | Lair:6   | Found a viscous altar of Jiyva.
 17833 | Lair:6   | Reached skill level 8 in Dodging
 17855 | Lair:6   | Reached skill level 1 in Armour
 18123 | Lair:6   | Reached skill level 2 in Armour
 18285 | Lair:6   | Reached skill level 3 in Armour
 18470 | Lair:6   | Reached skill level 4 in Armour
 18641 | Lair:6   | Mutation became permanent: Your large and strong wings let you fly indefinitely. [Gargoyle growth]
 18641 | Lair:6   | Reached XP level 14. HP: 75/88 MP: 12/28
 18657 | Lair:6   | Reached skill level 5 in Armour
 19013 | Lair:6   | Reached skill level 6 in Armour
 19247 | Lair:6   | Reached skill level 7 in Armour
 19790 | Lair:6   | Reached skill level 8 in Armour
 20544 | Lair:6   | Offered knowledge of Poison Arrow by Vehumet.
 20843 | Lair:6   | Reached skill level 15 in Earth Magic
 21494 | D:10     | Entered Level 10 of the Dungeon
 21653 | D:10     | Learned a level 8 spell: Lehudib's Crystal Spear
 22964 | D:11     | Noticed Psyche
 23130 | D:11     | Reached skill level 16 in Earth Magic
 23153 | D:11     | Noticed Fannar
 23158 | D:11     | Killed Fannar
 23174 | D:11     | Found a staircase to the Orcish Mines.
 23226 | D:11     | Killed Psyche
 24563 | D:12     | Reached ****** piety under Vehumet
 24620 | D:12     | Reached skill level 17 in Earth Magic
 24625 | D:12     | Got a spiked leather armour
 24636 | D:12     | Identified the +4 leather armour of the End {rElec rC+} (You found it on level 12 of the Dungeon)
 24898 | D:12     | Found Feney's Assorted Antiques.
 24906 | D:12     | Bought a scroll of identify for 48 gold pieces
 24906 | D:12     | Bought a potion of heal wounds for 120 gold pieces
 24906 | D:12     | Bought a scroll labeled BEMOHY ZOUKIM for 24 gold pieces
 24906 | D:12     | Bought a coiled ivory ring for 120 gold pieces
 24906 | D:12     | Bought a chunky metal-bound book for 360 gold pieces
 24929 | D:12     | Identified the ring "Weppug" {+Inv rN+ MR+} (You bought it in a shop on level 12 of the Dungeon)
 25240 | D:13     | Reached XP level 15. HP: 92/92 MP: 9/29
 25766 | D:13     | Offered knowledge of Delayed Fireball by Vehumet.
 25951 | D:13     | Reached skill level 18 in Earth Magic
 26533 | D:13     | Noticed a sphinx
 26537 | D:13     | Killed a sphinx
 26541 | D:13     | Noticed a sphinx
 26565 | D:13     | Killed a sphinx
 26565 | D:13     | Reached skill level 13 in Conjurations
 28014 | D:14     | Reached skill level 14 in Conjurations
 28566 | D:14     | Found a gate to the Vaults.
 29027 | D:14     | Offered knowledge of Ozocubu's Refrigeration by Vehumet.
 29291 | D:14     | Found a shadowy altar of Dithmenos.
 29342 | D:14     | Reached skill level 15 in Conjurations
 30315 | D:14     | Reached XP level 16. HP: 97/97 MP: 16/30
 30547 | D:14     | Found a bloodstained altar of Trog.
 30649 | D:14     | Reached skill level 16 in Conjurations
 31415 | Orc:1    | Entered Level 1 of the Orcish Mines
 31676 | Orc:2    | Entered Level 2 of the Orcish Mines
 31849 | Orc:2    | Found Ichops's Weapon Shop.
 31859 | Orc:2    | Offered knowledge of Bolt of Cold by Vehumet.
 32341 | Orc:2    | Reached skill level 11 in Spellcasting
 34321 | Orc:2    | Found a roughly hewn altar of Beogh.
 34503 | Orc:2    | Found Qall's Jewellery Shoppe.
 34507 | Orc:2    | Found Muvar's Antique Armour Shoppe.
 34597 | Orc:2    | Found a staircase to the Elven Halls.
 34637 | Orc:2    | Found Nimoll's Antique Weapon Shoppe.
 34702 | Orc:1    | Offered knowledge of Freezing Cloud by Vehumet.
 35066 | Orc:2    | Bought the amulet of the Four Winds {rN+ MR+++ Clar} for 388 gold pieces
 35077 | Orc:2    | Found Vets's General Store.
 35086 | Orc:2    | Bought a scroll of fear for 42 gold pieces
 35251 | D:15     | Entered Level 15 of the Dungeon
 35534 | D:14     | Reached skill level 12 in Spellcasting
 36320 | D:15     | Noticed Agnes
 36326 | D:15     | Killed Agnes
 37610 | D:15     | Reached skill level 13 in Spellcasting
 37653 | D:15     | Found a staircase to the Depths.
 37905 | Swamp:1  | Entered Level 1 of the Swamp
 38231 | Swamp:1  | Upgraded the game from 0.19-a0-1166-g02d67b9 to 0.19-a0-1168-g98094fc
 39065 | Swamp:1  | Reached XP level 17. HP: 102/102 MP: 15/34
 39810 | Swamp:2  | Reached skill level 14 in Spellcasting
 39936 | Swamp:2  | Noticed Jorgrun
 39940 | Swamp:2  | Killed Jorgrun
 39940 | Swamp:2  | Reached skill level 2 in Shields
 39942 | Swamp:2  | Reached skill level 3 in Shields
 40125 | Swamp:2  | Reached skill level 4 in Shields
 40328 | Swamp:2  | Reached skill level 5 in Shields
 40547 | Swamp:2  | Offered knowledge of Fire Storm by Vehumet.
 40547 | Swamp:2  | Offered knowledge of Shatter by Vehumet.
 40547 | Swamp:2  | Offered knowledge of Tornado by Vehumet.
 40810 | Swamp:2  | Learned a level 9 spell: Shatter
 42118 | Orc:2    | Bought the +8 mithril axe "Arga" {speed, MR+} for 1485 gold pieces
 42400 | Swamp:3  | Reached skill level 9 in Dodging
 43274 | Swamp:4  | Entered Level 4 of the Swamp
 43657 | Swamp:4  | Reached skill level 10 in Dodging
 43982 | Swamp:4  | Noticed Kirke
 44013 | Swamp:4  | Killed Kirke
 44541 | Swamp:4  | Reached skill level 11 in Dodging
 44736 | Swamp:4  | Slain by an enormous slime creature

Vanquished Creatures
  Jorgrun (Swamp:2)
  2 sphinxes (D:13)
  Kirke (Swamp:4)
  A thorn hunter (Swamp:4)
  Agnes (D:15)
  An orc warlord (Orc:2)
  2 very ugly things
  An ettin (Orc:2)
  A minotaur (Lab)
  Snorg (Lair:3)
  A deep elf high priest (D:13)
  Fannar (D:11)
  3 vault guards (D:14)
  22 hydras
  2 ghost crabs
  3 centaur warriors
  3 death yaks (Lair:3)
  5 tengu warriors
  5 alligators
  An orc high priest (Orc:2)
  A deep elf knight (D:14)
  Nergalle (Lair:3)
  A flayed ghost (D:13)
  4 unseen horrors
  A swamp dragon (shapeshifter) (D:15)
  2 wizards (D:14)
  5 hill giants
  A spriggan druid (Swamp:1)
  3 shambling mangroves
  6 orc knights
  4 swamp dragons
  Pikel (D:4)
  An oklob plant (Lair:1)
  33 ugly things
  A shining eye (Lair:6)
  3 orc sorcerers (Orc:2)
  3 deep elf magi
  4 griffons
  The ghost of Torax the Placeless Cat, a novice FeWr of Uskayaw (D:8)
  A hornet (shapeshifter) (D:14)
  4 manticores
  A wolf spider (Lair:4)
  2 cyclopes (D:14)
  A centaur zombie (D:13)
  4 hornets
  Joseph (D:7)
  2 black mambas (Lair:2)
  Psyche (D:11)
  18 elephants
  3 gargoyles
  22 spiny frogs
  4 centaur skeletons
  5 rime drakes
  6 yaktaurs (D:14)
  6 komodo dragons
  A tengu conjurer (D:14)
  6 meliai
  7 trolls
  2 polar bears (Lair:6)
  5 giant leeches
  9 blink frogs
  6 bog bodies
  4 boulder beetles
  A queen bee (D:13)
  7 two-headed ogres
  Prince Ribbit (D:8)
  Grinder (D:5)
  30 slime creatures
  Sigmund (D:2)
  A vampire (D:13)
  3 shadows
  18 spriggans
  45 yaks
  A wraith (D:13)
  6 basilisks
  5 hogs
  31 vampire mosquitoes
  5 wyverns
  8 hippogriffs
  3 hungry ghosts
  3 mottled dragons (D:14)
  5 wargs
  6 insubstantial wisps (Swamp:1)
  29 swamp worms
  A hell hound (shapeshifter) (D:14)
  A soldier ant (D:13)
  Duvessa (D:4)
  18 water moccasins
  4 porcupines
  A slave (D:4)
  5 swamp drakes
  A meliai simulacrum (D:12)
  9 sky beasts
  2 eyes of draining
  5 ice beasts
  31 orc warriors
  6 phantoms
  5 black bears
  A black bear (shapeshifter) (D:15)
  A necrophage (D:8)
  15 wasps
  13 ogres
  A small abomination (Swamp:4)
  25 wolves
  4 boggarts
  11 centaurs
  13 crocodiles
  7 big kobolds
  21 giant frogs
  6 gnoll sergeants
  Dowan (D:4)
  A wyvern skeleton (D:12)
  2 scorpions
  38 killer bees
  19 wights
  4 howler monkeys
  A howler monkey (shapeshifter) (D:15)
  3 electric eels
  9 crimson imps
  8 giant frog skeletons
  5 jellies
  2 quasits
  6 giant frog zombies
  3 hounds
  Crazy Yiuf (D:2)
  A gnoll shaman (Orc:1)
  25 orc priests
  31 orc wizards
  Natasha (thrice) (D:4)
  12 iguanas
  8 worker ants
  A hell rat (Lair:1)
  14 sheep
  A giant frog simulacrum (D:13)
  2 hound skeletons
  13 gnolls
  A worker ant zombie (D:9)
  A howler monkey skeleton (D:10)
  14 adders
  26 river rats
  3 shadow imps
  4 oozes
  2 adder zombies
  2 adder skeletons
  9 worms
  4 dart slugs
  2 giant geckos
  81 orcs
  4 ball pythons
  21 bats
  11 giant cockroaches
  11 goblins
  4 hobgoblins
  17 jackals
  5 quokkas
  A giant cockroach zombie (D:5)
  2 giant gecko skeletons
  8 giant newts
  20 kobolds
  16 rats
1156 creatures vanquished.

Vanquished Creatures (others)
  A giant leech (Swamp:2)
  A human (Swamp:4)
  A hog (Volcano)
  A slave (D:4)
  5 fungi
  3 plants
12 creatures vanquished.

Grand Total: 1168 creatures vanquished
